 Dungeon Crawl Stone Soup version 0.26-a0-949-ga0cc1ef5f6 (webtiles) character file.

Game seed: 14395332902304124278

683 miscthings the Slinger (level 7, -3/44 HPs)
             Began as a Halfling Hunter on Nov 28, 2020.
             Slain by an iron imp (13 damage)
             ... summoned by Eustachio
             ... on level 4 of the Dungeon.
             The game lasted 00:05:41 (3534 turns).

miscthings the Slinger (Halfling Hunter)            Turns: 3534, Time: 00:05:41

Health: -3/44      AC:  4    Str: 15    XL:     7   Next: 93%
Magic:  7/7        EV: 14    Int:  9    God:
Gold:   227        SH:  0    Dex: 15    Spells: 6/6 levels left

rFire    . . .     SeeInvis .   a - +1 hunting sling
rCold    . . .     Faith    +   (shield restricted)
rNeg     . . .     Spirit   .   s - +0 leather armour of Foolhardiness {Harm *Slow rPois} (curse)
rPois    +         Reflect  .   u - +0 helmet
rElec    .         Harm     +   (no cloak)
rCorr    .         Rampage  .   (no gloves)
MR       .....                  (no boots)
Stlth    ++........             k - amulet of faith
HPRegen  0.14/turn              (no ring)
MPRegen  0.10/turn              (no ring)

@: no status effects
A: small, mutation resistance 1
a: no special abilities


You were on level 4 of the Dungeon.
You visited 1 branch of the dungeon, and saw 4 of its levels.

You collected 227 gold pieces.

Inventory:

Hand Weapons
 a - a +1 hunting sling (weapon)
 b - a +0 short sword
Missiles
 d - 47 sling bullets (quivered)
 g - 153 stones
Armour
 s - the cursed +0 leather armour of Foolhardiness (worn) {Harm *Slow rPois}
   (You found it on level 4 of the Dungeon)

   It protects you from poison.
   It may slow you when you take damage.
   It increases damage dealt and taken.
   It has a curse placed upon it.
 u - a +0 helmet (worn)
Jewellery
 k - an amulet of faith (around neck)
Scrolls
 c - a scroll of blinking {unknown}
 e - 2 scrolls of teleportation {unknown}
 f - a scroll of fog {unknown}
 h - 2 scrolls of identify {unknown}
 j - a scroll of magic mapping {unknown}
 l - 2 scrolls of remove curse
 q - a scroll of enchant weapon {unknown}
Potions
 i - 2 potions of heal wounds {unknown}
 m - a potion of mutation {unknown}
 n - a potion of lignification
 o - a potion of resistance {unknown}
 p - a potion of degeneration {unknown}
 r - a potion of attraction {unknown}
 t - 2 potions of flight {unknown}


   Skills:
 - Level 1.7 Fighting
 + Level 12.5 Slings
 - Level 2.1 Dodging
 - Level 1.1 Stealth


You had 6 spell levels left.
You didn't know any spells.
Your spell library contained the following spells:

 Spells                   Type           Power        Failure   Level
 Beastly Appendage        Tmut           #.....       45%         1
 Magic Dart               Conj           #...         45%         1
 Blink                    Tloc           N/A          58%         2
 Call Imp                 Summ           #.......     58%         2
 Slow                     Hex            #.......     58%         2
 Wereblood                Tmut           #.......     58%         2
 Confusing Touch          Hex            #.......     83%         3
 Conjure Flame            Conj/Fire      #.......     83%         3
 Gell's Gravitas          Tloc           #.........   83%         3
 Mephitic Cloud           Conj/Pois/Air  #.......     83%         3
 Spider Form              Tmut/Pois      #.........   83%         3
 Ice Form                 Ice/Tmut       #.......     99%         4
 Petrify                  Tmut/Erth      #.......     99%         4
 Blade Hands              Tmut           #.........   100%        5
 Metabolic Englaciation   Hex/Ice        #.........   100%        5
 Yara's Violent Unravell  Hex/Tmut       #.........   100%        5


Dungeon Overview and Level Annotations

Branches:
Dungeon (4/15)
 Temple: D:4-7

Altars:
Vehumet

Annotations:
D:4 Eustachio


Innate Abilities, Weirdness & Mutations

You are small and have problems with some larger weapons.
You are somewhat resistant to further mutation.


Message History

The sling bullet closely misses Eustachio.
The sling bullet barely misses the iron imp.
Fire: 48 sling bullets
Press: ? - help, Q - select action, (/) - cycle Shift-Dir - straight line, f/p - Eustachio
Aim: Eustachio, wielding a +1 falchion of holy wrath and wearing a +0 leather armour (almost dead)
You shoot a sling bullet.
The sling bullet barely misses Eustachio.
The sling bullet barely misses the iron imp.
Eustachio growls, "To hell with you, honourless miscreant!"
Eustachio casts a spell.
Eustachio blinks!
The iron imp hits you.
* * * LOW HITPOINT WARNING * * *
The iron imp barely misses you.
The iron imp shouts, "Decamp, thou pox-marked ditch-delivered foot-licker!"
Fire: 47 sling bullets
Press: ? - help, Q - select action, (/) - cycle Shift-Dir - straight line, f/p - Eustachio
Aim: Eustachio, wielding a +1 falchion of holy wrath and wearing a +0 leather armour (almost dead)
Okay, then.
The iron imp hits you!
You die...

.# #.##.#.# #(# .# #.##.#.# #@#
.###)##.#.# #(# .#.))...#.# #(# #
.#..)...#.######.##
................(.
...†....########5# #### ##....†##
##.######## ###... ########
#5@5....... ...... # #..########
##.## # ##### #..# #.#
####...########..# #.#
....(............# #.#
.#.......######.## #.#
.#........... ..##############.##
.#.......########...........##...
.###...####.......#########.....#


You could see Eustachio and 3 iron imps.

Vanquished Creatures
  Duvessa (D:4)
  An ogre (D:4)
  Dowan (D:4)
  5 wights (D:3)
  A howler monkey (D:3)
  2 orc wizards
  Robin (D:4)
  2 adders
  An ooze (D:2)
  2 adder skeletons (D:4)
  6 worms
  2 dart slugs (D:2)
  4 leopard geckos
  11 orcs
  2 giant cockroaches
  10 hobgoblins
  2 jackals (D:2)
  4 quokkas
  8 bats
  7 frilled lizards
  11 goblins
  8 kobolds
  A rat (D:3)
93 creatures vanquished.

Notes
Turn   | Place    | Note
-------+----------+-------------------------------------------
     0 | D:1      | miscthings the Halfling Hunter began the quest for the Orb.
     0 | D:1      | Reached XP level 1. HP: 14/14 MP: 1/1
    42 | D:1      | Reached skill level 6 in Slings
   215 | D:1      | Reached XP level 2. HP: 19/19 MP: 2/2
   577 | D:2      | Reached skill level 7 in Slings
   577 | D:2      | Reached XP level 3. HP: 18/24 MP: 3/3
   960 | D:2      | Reached XP level 4. HP: 29/29 MP: 4/4
  1074 | D:2      | Reached skill level 8 in Slings
  1637 | D:3      | Reached XP level 5. HP: 32/34 MP: 5/5
  1797 | D:3      | Reached skill level 9 in Slings
  1813 | D:3      | Reached XP level 6. HP: 17/39 MP: 6/6
  2066 | D:3      | Reached skill level 10 in Slings
  2197 | D:3      | Reached skill level 11 in Slings
  2197 | D:3      | Reached XP level 7. HP: 44/44 MP: 7/7
  2575 | D:4      | Got a translucent leather armour
  2586 | D:4      | Identified the cursed +0 leather armour of Foolhardiness
                  | {Harm *Slow rPois} (You found it on level 4 of the Dungeon)
  2615 | D:4      | Found a radiant altar of Vehumet.
  2616 | D:4      | Noticed Duvessa
  2616 | D:4      | Noticed Dowan
  2638 | D:4      | Killed Duvessa
  2714 | D:4      | Killed Dowan
  2875 | D:4      | Reached skill level 12 in Slings
  3414 | D:4      | Noticed Robin
  3416 | D:4      | Killed Robin
  3511 | D:4      | Noticed Eustachio
  3534 | D:4      | Slain by an iron imp

Illustrated notes

Levels and vault maps discovered:
D:1:      shiori_arrival_maze, layout_basic
D:2:      layout_basic, serial_curves, eino_curves_04, eino_curves_03
D:3:      layout_basic
D:4:      layout_loops_ring, vehumet_crystals, uniq_duvessa, uniq_robin,
          uniq_eustachio

Skill      XL: |  1  2  3  4  5  6  7 |
---------------+----------------------+-----
Slings         | 6 7 8 9 11 12 | 12.5
Fighting       | |  1.7
Dodging        | |  2.1
Stealth        | |  1.1

Action                   |  1- 3 |  4- 6 |  7- 9 || total
-------------------------+-------+-------+-------++-------
 Fire: Hunting sling     |    92 |   161 |   144 ||   397
  Use: Scroll            |       |     1 |       ||     1
       Potion            |       |     1 |       ||     1
Armor: Leather armour    |     7 |     2 |     7 ||    16
       Skin              |       |    11 |       ||    11
Dodge: Dodged            |    20 |    24 |    24 ||    68

Table legend: (Time is in decaauts)
 A = Elapsed time spent in this place.
 B = Non-inter-level travel time spent in this place.
 C = Inter-level travel time spent in this place.
 D = Time resting spent in this place.
 E = Time spent auto-exploring this place.
 F = Levels seen in this place.
 G = Mean time per level.
                   A        B        C        D        E       F      G
               +--------+--------+--------+--------+--------+-----+--------+
         Total |   3428 |   3372 |     56 |    643 |   2134 |   4 |  857.0 |
       Dungeon |   3428 |   3372 |     56 |    643 |   2134 |   4 |  857.0 |
               +--------+--------+--------+--------+--------+-----+--------+

Top non-repeatable levels by time:
     D:3: 996 daAuts
     D:4: 939 daAuts
     D:2: 927 daAuts
     D:1: 565 daAuts
